 Dungeon Crawl Stone Soup version 0.24.1-14-gf8d2b509d9 (webtiles) character file.

Game seed: 10625492081672327584, levelgen mode: deterministic

10949 bulgasauihan the Spear-Bearer (level 12, -2/94 HPs)
             Began as a Formicid Abyssal Knight on July 11, 2020.
             Was the Champion of Lugonu.
             Slain by a death knight
             ... wielding a +0 broad axe
              (9 damage)
             ... on level 11 of the Dungeon.
             The game lasted 00:26:17 (12425 turns).

bulgasauihan the Spear-Bearer (FoAK)               Turns: 12425, Time: 00:26:18

Health: -2/94      AC: 20    Str: 24    XL:     12   Next: 1%
Magic:  17/17      EV:  5    Int: 12    God:    Lugonu [******]
Gold:   812        SH:  9    Dex: 10    Spells: 11/11 levels left

rFire    . . .     SeeInvis +   a - +2 hand axe (elec)
rCold    . . .     Gourm    .   O - +0 shield (curse)
rNeg     . . .     Faith    .   m - +0 plate armour
rPois    .         Spirit   .   (helmet unavailable)
rElec    .         Reflect  .   l - +0 cloak
rCorr    .         Harm     +   (no gloves)
MR       +....                  s - +1 pair of boots
Stlth    ..........             v - amulet of harm
HPRegen  0.25/turn              C - +2 ring of strength
MPRegen  0.15/turn              L - +3 ring of protection

@: lightly drained
A: permanent stasis, dig shafts and tunnels, four strong arms, antennae 3
a: Dig, Shaft Self, Depart the Abyss, Bend Space, Banish, Corrupt, Enter the
Abyss, Brand Weapon With Distortion, Renounce Religion


You were on level 11 of the Dungeon.
You worshipped Lugonu.
Lugonu was exalted by your worship.
You were very hungry.

You visited 1 branch of the dungeon, and saw 11 of its levels.
You visited the Abyss 1 time.

You collected 812 gold pieces.

Inventory:

Hand Weapons
 a - a +2 hand axe of electrocution (weapon)
 g - a +2 whip of electrocution
 j - a +1 trident
 U - a +0 battleaxe
Missiles
 e - 37 poisoned darts (quivered)
 o - 30 boomerangs
 N - 8 curare-tipped darts
Armour
 l - a +0 cloak (worn)
 m - a +0 plate armour (worn)
 s - a +1 pair of boots (worn)
 O - a cursed +0 shield (worn)
Magical Staves
 S - an uncursed staff of wizardry
Jewellery
 n - an uncursed ring of poison resistance
 r - an uncursed ring of protection from cold
 u - an uncursed ring of protection from cold
 v - an amulet of harm (around neck)
 C - a +2 ring of strength (left hand)
 L - a +3 ring of protection (right hand)
Wands
 I - a wand of digging (2)
 M - a wand of paralysis (10)
 T - a wand of iceblast (11)
Scrolls
 b - a scroll of vulnerability {unknown}
 f - 2 scrolls of enchant armour
 k - a scroll of remove curse
 p - 3 scrolls of fear
 t - 3 scrolls of identify
 y - 4 scrolls of blinking {unknown}
 z - a scroll of holy word {unknown}
 A - a scroll of fog {unknown}
 B - a scroll of immolation {unknown}
 D - 2 scrolls of noise {unknown}
 F - 2 scrolls of magic mapping {unknown}
 G - 3 scrolls of enchant weapon
 H - 2 scrolls of amnesia {unknown}
 K - a scroll of acquirement {unknown}
Potions
 d - 3 potions of lignification
 i - a potion of curing
 q - 2 potions of cancellation
 x - a potion of brilliance
 E - 3 potions of might
 J - 2 potions of flight
Miscellaneous
 Q - a box of beasts
Comestibles
 c - 26 rations


   Skills:
 + Level 8.9(8.7) Fighting
 + Level 3.7(8.3) Axes
 + Level 11.7(11.8) Polearms
 + Level 4.4(4.2) Throwing
 + Level 8.9(8.7) Armour
 - Level 0.8(0.7) Dodging
 - Level 0.6(0.5) Stealth
 * Level 3.7(3.6) Shields
 * Level 6.9(6.7) Invocations
 + Level 0.1(0.0) Evocations


You had 11 spell levels left.
You didn't know any spells.
Your spell library contained the following spells:

 Spells                   Type           Power        Failure   Level  Hunger
 Flame Tongue             Conj/Fire      #....        100%        1    ##.....
 Throw Flame              Conj/Fire      #.....       100%        2    ###....
 Conjure Flame            Conj/Fire      #.......     100%        3    ####...
 Inner Flame              Hex/Fire       #.......     100%        3    ####...
 Sticky Flame             Conj/Fire      #.......     100%        4    #####..
 Fireball                 Conj/Fire      #.........   100%        5    ######.


Dungeon Overview and Level Annotations

Branches:
Dungeon (11/15)            Temple (0/1) D:4            Lair (0/6) D:9
    Orc (0/2) D:11

Altars:
Ashenzari
Elyvilon
Okawaru
Wu Jian
Zin


Innate Abilities, Weirdness & Mutations

You cannot be hasted, slowed, berserked, paralysed or teleported.
You can dig through walls and to a lower floor.
Your four strong arms can wield two-handed weapons with a shield.
You have a pair of large antennae on your head. (SInv)


Message History

The death knight barely misses you.
You hit the death knight but do no damage.
The death knight is severely wounded.
The death knight hits you with a +0 broad axe!!
* * * LOW HITPOINT WARNING * * *
You hit the death knight but do no damage.
The death knight is severely wounded.
The death knight hits you with a +0 broad axe!!
* * * LOW HITPOINT WARNING * * *
You hit the death knight but do no damage.
The death knight is severely wounded.
Okay, then.
The death knight invokes the aid of Yredelemnul against you.
Your body is wracked with pain!
* * * LOW HITPOINT WARNING * * *
Are you sure you want to shaft yourself?
You are feeling very hungry.
You begin to dig a shaft.
You continue digging a shaft.
The death knight hits you with a +0 broad axe!
You die...

# #.....##.#########.#
##....##...#.......#
#....##.#.#####.###
#....##.#.#.. #.#.#
#....##.#.#.###.#.#
#....##.#.#.#.....#
#########.#.#.######.#
#.....#p.))....#
#.###@#.######## #.
#.p.# # ##### { {


You could see a death knight.

Vanquished Creatures
  Sonja (D:11)
  The ghost of mortelune the Changer, a novice OpTm (D:6)
  A manticore (D:11)
  Maurice (D:9)
  3 centaur skeletons
  A kobold demonologist (D:11)
  A troll (D:10)
  4 hippogriffs
  2 wraiths
  7 yaks
  2 hogs (D:7)
  A human (D:7)
  A water moccasin (D:10)
  A hornet zombie (D:10)
  7 ice beasts
  4 orc warriors
  A phantom (D:7)
  2 sky beasts
  A necrophage (D:8)
  6 centaurs
  3 ogres
  A crocodile (D:9)
  2 big kobolds
  2 bullfrogs
  A gnoll sergeant (D:7)
  5 scorpions
  A water moccasin skeleton (D:4)
  4 killer bees (D:8)
  8 wights
  3 centaur zombies
  7 howler monkeys
  6 crimson imps
  A bullfrog zombie (D:6)
  A quasit (D:11)
  5 hounds
  A jelly (D:5)
  9 orc priests
  2 bullfrog skeletons
  12 orc wizards
  8 iguanas
  5 worker ants
  A hound zombie (D:9)
  A hound skeleton (D:5)
  Robin (D:1)
  A howler monkey zombie (D:5)
  10 gnolls
  A howler monkey skeleton (D:6)
  8 adders
  3 shadow imps
  An adder zombie (D:8)
  4 worms (D:3)
  2 dart slugs (D:2)
  5 leopard geckos
  67 orcs
  3 giant cockroaches
  11 goblins
  6 hobgoblins
  6 jackals
  6 quokkas
  6 bats
  4 frilled lizards
  19 kobolds
  A quokka skeleton (D:5)
  A quokka zombie (D:9)
  10 rats
313 creatures vanquished.

Notes
Turn   | Place    | Note
-------+----------+-------------------------------------------
     0 | Abyss:1  | bulgasauihan the Formicid Abyssal Knight began the quest
                  | for the Orb.
     0 | Abyss:1  | Reached XP level 1. HP: 18/18 MP: 2/2
    78 | Abyss:1  | Noticed a wretched star
    91 | Abyss:2  | Noticed a neqoxec
   101 | Abyss:2  | Noticed a smoke demon
   103 | Abyss:2  | Found a corrupted altar of Lugonu.
   110 | D:1      | Escaped the Abyss
   233 | D:1      | Reached XP level 2. HP: 24/24 MP: 3/3
   397 | D:1      | Reached * piety under Lugonu
  1058 | D:2      | Reached XP level 3. HP: 26/30 MP: 4/4
  1232 | D:2      | Noticed Robin
  1242 | D:1      | Killed Robin
  1525 | D:2      | Reached XP level 4. HP: 37/37 MP: 5/5
  1570 | D:2      | Reached skill level 3 in Polearms
  2328 | D:3      | Reached XP level 5. HP: 42/42 MP: 6/6
  2536 | D:4      | Found a shattered altar of Ashenzari.
  2594 | D:4      | Reached ** piety under Lugonu
  2705 | D:4      | Reached XP level 6. HP: 38/49 MP: 7/7
  2831 | D:4      | Reached skill level 4 in Polearms
  2890 | D:4      | Noticed an ogre
  2956 | D:4      | You fall into a shaft and drop 3 floors!
  2971 | D:8      | Reached skill level 1 in Throwing
  3243 | D:8      | Noticed a necrophage
  3253 | D:8      | Killed a necrophage
  3253 | D:8      | Reached XP level 7. HP: 55/55 MP: 8/8
  3454 | D:8      | Reached skill level 5 in Polearms
  3546 | D:8      | Reached skill level 5 in Fighting
  3649 | D:8      | Reached XP level 8. HP: 44/62 MP: 9/9
  3784 | D:8      | Reached skill level 6 in Polearms
  3784 | D:8      | Reached skill level 5 in Armour
  3867 | D:8      | Reached skill level 7 in Polearms
  4153 | D:8      | Reached XP level 9. HP: 32/69 MP: 10/10
  4395 | D:7      | Reached *** piety under Lugonu
  4685 | D:7      | Reached skill level 8 in Polearms
  4988 | D:6      | Found an iron altar of Okawaru.
  5114 | D:6      | Found a large runed translucent door.
  5115 | D:6      | Found a large runed translucent door.
  5116 | D:6      | Noticed mortelune's ghost (novice OpTm)
  5156 | D:6      | You fall into a shaft and drop 2 floors!
  5451 | D:7      | Found an ornate altar of the Wu Jian Council.
  5784 | D:7      | Reached skill level 9 in Polearms
  5833 | D:5      | Entered Level 5 of the Dungeon
  6290 | D:5      | Reached **** piety under Lugonu
  6290 | D:5      | Reached XP level 10. HP: 77/77 MP: 11/11
  6519 | D:4      | Found a staircase to the Ecumenical Temple.
  7049 | D:5      | Reached skill level 10 in Polearms
  8030 | D:6      | Killed mortelune's ghost
  8110 | D:7      | Found a glowing silver altar of Zin.
  8110 | D:7      | Noticed an angel
  8168 | D:7      | Found a white marble altar of Elyvilon.
  8697 | D:7      | Reached skill level 11 in Polearms
  8843 | D:9      | Reached XP level 11. HP: 85/86 MP: 14/14
  8852 | D:9      | Reached skill level 5 in Invocations
  8889 | D:9      | Noticed Maurice
  8902 | D:9      | Killed Maurice
  9038 | D:9      | Reached ***** piety under Lugonu
  9050 | D:9      | Found a staircase to the Lair.
  9533 | D:10     | Entered Level 10 of the Dungeon
 10557 | D:11     | Noticed a sixfirhy
 10558 | D:11     | Reached skill level 1 in Axes
 10638 | D:11     | Noticed Sonja
 10652 | D:11     | Killed Sonja
 10652 | D:11     | Reached skill level 1 in Shields
 10766 | D:11     | Noticed a soul eater
 11381 | D:11     | Noticed a manticore
 11392 | D:11     | Killed a manticore
 12226 | D:11     | Found a staircase to the Orcish Mines.
 12364 | D:11     | Reached XP level 12. HP: 93/94 MP: 17/17
 12366 | D:11     | Reached ****** piety under Lugonu
 12396 | D:11     | Noticed a death knight
 12425 | D:11     | Slain by a death knight

Levels and vault maps discovered:
D:1:      minmay_arrival_four_loops, layout_basic
D:2:      layout_basic, uniq_robin
D:3:      layout_rooms
D:4:      layout_rooms, evilmike_ruin_ashenzari,
          minmay_temple_entry_stoned_glass, first_ration
D:5:      layout_loops_ring, minmay_small_thing
D:6:      layout_cave_pools, ebering_ghost_disaster_area,
          minmay_misc_feat_ornament, okawaru_trees_2
D:7:      layout_loops_corners, overflow_temple_1_default,
          nicolae_overflow_crystal_walls, zin_angel, grunt_livestock,
          minmay_diced_spiral
D:8:      layout_loops_corners, enter_bailey_8
D:9:      minmay_klotski, layout_loops_corners, dpeg_oklobed_lair, uniq_maurice,
          uniq_joseph
D:10:     layout_loops_ring, grunt_decor_mini_mirrors
D:11:     layout_basic, hiddenorc1_lemuel, st_stairs_14, wad_mini_maze,
          uniq_sonja

Skill      XL: |  1  2  3  4  5  6  7  8  9 10 11 |
---------------+----------------------------------+-----
Fighting       | 4 5 6 8 |  8.9
Polearms       | 3 4 5 7 9 11 | 11.7
Armour         | 3 4 5 6 8 |  8.9
Throwing       | 2 3 4 |  4.4
Invocations    | 4 6 |  6.9
Axes           | 3 |  3.7
Shields        | 3 |  3.7
Dodging        | |  0.8
Stealth        | |  0.6
Evocations     | |  0.1

Action                   |  1- 3 |  4- 6 |  7- 9 | 10-12 || total
-------------------------+-------+-------+-------+-------++-------
Melee: Spear             |   139 |    43 |       |       ||   182
       Trident           |       |   227 |   384 |   417 ||  1028
       Hand axe          |       |       |       |   224 ||   224
       Staff             |       |       |       |     2 ||     2
Throw: Dart              |       |    36 |     9 |    23 ||    68
       Boomerang         |       |     2 |     2 |     1 ||     5
Invok: Depart the Abyss  |     1 |       |       |       ||     1
 Abil: Shaft Self        |       |     1 |       |     1 ||     2
Evoke: Wand              |       |       |       |     2 ||     2
  Use: Scroll            |       |     6 |     2 |     3 ||    11
       Potion            |       |     2 |       |       ||     2
 Stab: Paralysed         |       |       |       |     2 ||     2
  Eat: Chunk             |     2 |     6 |    10 |    20 ||    38
Armor: Scale mail        |     6 |       |       |       ||     6
       Leather armour    |     1 |       |       |       ||     1
       Chain mail        |    36 |       |       |       ||    36
       Plate armour      |    37 |   219 |   252 |   314 ||   822
       Skin              |       |    21 |       |       ||    21
Dodge: Dodged            |    32 |    99 |   106 |   145 ||   382
Block: Shield            |       |       |       |    92 ||    92
